 Dungeon Crawl Stone Soup version 0.18.1-50-g88ac8fd (console) character file.

706 Kloppie the Shield-Bearer (level 7, -7/44 HPs)
             Began as a Gargoyle Fighter on Oct 22, 2016.
             Mangled by an ogre
             ... wielding a +0 giant spiked club
              (21 damage)
             ... on level 4 of the Dungeon.
             The game lasted 00:04:20 (2607 turns).

Kloppie the Shield-Bearer (Gargoyle Fighter)        Turns: 2607, Time: 00:04:21

Health: -7/44      AC: 14    Str: 25    XL:     7   Next: 67%
Magic:  7/7        EV:  6    Int:  8    God:
Gold:   102        SH: 10    Dex: 11    Spells: 0 memorised, 6 levels left

rFire  . . .     SeeInvis .     a - +0 flail
rCold  . . .     Gourm    .     i - +0 chain mail
rNeg   + . .     Faith    .     c - +0 shield
rPois  ∞         Spirit   .     (no helmet)
rElec  +         Dismiss  .     (no cloak)
rCorr  .         Reflect  .     (no gloves)
SustAt .         Harm     .     (no boots)
MR     .....                    (no amulet)
Stlth  ..........               (no ring)
                                (no ring)

@: mighty, not resistant to hostile enchantments, extremely unstealthy
A: negative energy resistance 1, electricity resistance, unbreathing,
petrification resistance, rot immunity, AC +4
a: no special abilities


You were on level 4 of the Dungeon.
You were not hungry.

You visited 1 branch of the dungeon, and saw 4 of its levels.

You collected 102 gold pieces.

Inventory:

Hand Weapons
 a - a +0 flail (weapon)
Armour
 c - a +0 shield (worn)
 i - a +0 chain mail (worn)
Jewellery
 n - a +3 ring of intelligence {unknown}
 w - a cursed -2 ring of evasion {unknown}
Wands
 r - a wand of flame (23/48)
Scrolls
 b - 2 scrolls of immolation {unknown}
 e - 7 scrolls of identify {unknown}
 h - 2 scrolls of teleportation {unknown}
 j - a scroll of blinking {unknown}
 k - 3 scrolls of fog {unknown}
 l - 4 scrolls of noise {unknown}
 s - a scroll of enchant armour {unknown}
Potions
 m - 2 potions of curing {unknown}
 p - a potion of degeneration {unknown}
 q - 2 potions of haste {unknown}
 t - a potion of resistance {unknown}
 v - a potion of agility {unknown}
Comestibles
 f - 2 bread rations
 g - 2 meat rations
 o - a royal jelly
 u - a chunk of flesh


   Skills:
 + Level 5.4 Fighting
 + Level 4.4 Maces & Flails
 + Level 5.4 Armour
 + Level 5.6 Shields


You had 6 spell levels left.
You didn't know any spells.

Dungeon Overview and Level Annotations

Branches:
Dungeon (4/15)
 Temple: D:4-7

Altars:
Kikubaaqudgha
Pakellas
Xom
Zin

Annotations:
D:1 1 runed door


Innate Abilities, Weirdness & Mutations

You are resistant to torment.
Your stone body is resilient (AC +4).
You are immune to poison.
You resist negative energy.
You are resistant to electric shocks.
You can survive without breathing.
You are immune to petrification.
You are immune to rotting.


Message History

The necrophage hits you but does no damage.
The ogre barely misses you.
You hit the ogre but do no damage.
The ogre is heavily wounded.
You block the necrophage's attack.
The ogre hits you with a giant spiked club!
You hit the ogre.
The ogre is severely wounded.
The necrophage hits you but does no damage.
You block the necrophage's attack. You block the ogre's attack.
You barely miss the ogre.
The ogre is severely wounded.
The necrophage hits you.
The ogre hits you with a giant spiked club!
* * * LOW HITPOINT WARNING * * *
A worker ant comes into view.
Drink which item? (? for menu, Esc to quit)
You feel very mighty all of a sudden.
The ogre hits you with a giant spiked club!!
You die...

#....###.##.#.........##.#
#.....................##.#
#....###.####.........##.#
#.#### #.# ##...#...###.#
#.# #.# ##.###.## #.# #.#
#.# #.# .# #.# #. #.# #.#
.# #.######.#
#.@Ona...#######
......####...........
#####. #.##.###### #.
#.##....# #.
#.##.......... ##
#.#####.####.. #.# .# #.#
.# #.. ..


You could see an ogre, a necrophage and a worker ant.

Vanquished Creatures
  The ghost of Woxaris the Fighter, a novice MiFi (D:4)
  An ogre (D:4)
  An orc wizard (D:4)
  A worker ant (D:4)
  Natasha (thrice) (D:2)
  A gnoll (D:4)
  5 adders
  2 dart slugs
  3 worms
  2 giant geckos
  3 orcs (D:4)
  3 goblins
  3 hobgoblins (D:2)
  15 jackals
  6 kobolds
  3 quokkas (D:3)
  4 ball pythons
  6 bats
  A giant newt (D:1)
  8 rats
72 creatures vanquished.

Vanquished Creatures (others)
  A very ugly thing (D:3)
1 creature vanquished.

Grand Total: 73 creatures vanquished

Notes
Turn   | Place    | Note
--------------------------------------------------------------
     0 | D:1      | Kloppie the Gargoyle Fighter began the quest for the Orb.
     0 | D:1      | Reached XP level 1. HP: 14/14 MP: 1/1
     1 | D:1      | Found a runed door.
   290 | D:1      | Reached XP level 2. HP: 18/19 MP: 2/2
   658 | D:2      | Found an ancient bone altar of Kikubaaqudgha.
   707 | D:2      | Reached XP level 3. HP: 21/23 MP: 3/3
   888 | D:2      | Noticed Natasha
   889 | D:2      | Found a shimmering altar of Xom.
   897 | D:2      | Killed Natasha
   897 | D:2      | Reached XP level 4. HP: 18/29 MP: 4/4
   963 | D:2      | Noticed Natasha
   978 | D:2      | Killed Natasha
  1196 | D:2      | You fall through a shaft for 2 floors!
  1222 | D:3      | Reached XP level 5. HP: 30/33 MP: 5/5
  1283 | D:2      | Found a glowing silver altar of Zin.
  1297 | D:2      | Found an oddly glowing altar of Pakellas.
  1429 | D:2      | Noticed Natasha
  1435 | D:2      | Killed Natasha
  1669 | D:3      | Found an oddly glowing altar of Pakellas.
  1670 | D:3      | Noticed a purple very ugly thing
  1681 | D:3      | Killed a purple very ugly thing
  2032 | D:4      | Reached XP level 6. HP: 26/39 MP: 6/6
  2048 | D:4      | Noticed Woxaris's ghost (novice MiFi)
  2074 | D:4      | Killed Woxaris's ghost
  2074 | D:4      | Reached skill level 5 in Fighting
  2074 | D:4      | Reached skill level 5 in Armour
  2074 | D:4      | Reached skill level 5 in Shields
  2074 | D:4      | Reached XP level 7. HP: 8/44 MP: 7/7
  2607 | D:4      | Mangled by an ogre

Skill      XL: |  1  2  3  4  5  6 |
---------------+-------------------+-----
Armour         | 4 5 |  5.4
Shields        | 4 5 |  5.6
Fighting       | 4 5 |  5.4
Maces & Flails | 3 4 |  4.4

Action                   |  1- 3 |  4- 6 |  7- 9 || total
-------------------------+-------+-------+-------++-------
Melee: Flail             |   100 |   203 |    28 ||   331
  Use: Potion            |       |     1 |     1 ||     2
  Eat: Chunk             |       |     4 |     2 ||     6
Armor: Chain mail        |    74 |   118 |    15 ||   207
       Scale mail        |     5 |       |       ||     5
Dodge: Dodged            |    23 |    50 |     5 ||    78
Block: Shield            |    62 |   106 |    15 ||   183
